 Dungeon Crawl Stone Soup version 0.25-a0-100-g33052ceff8 (webtiles) character file.

Game seed: 5409079553894653253, levelgen mode: deterministic

317 Lucibear the Sneak (level 6, -6/37 (39) HPs)
             Began as an Octopode Fire Elementalist on Nov 14, 2019.
             Mangled by a necrophage (8 damage)
             ... on level 4 of the Dungeon on Nov 15, 2019.
             The game lasted 00:35:41 (3285 turns).

Lucibear the Sneak (Octopode Fire Elementalist)     Turns: 3285, Time: 00:35:41

HP:   -6/37 (39)    AC:  1    Str:  8    XL:     6   Next: 45%
MP:   9/11          EV: 14    Int: 19    God:
Gold: 297           SH:  0    Dex: 12    Spells: 5/11 levels left

rFire    . . .     SeeInvis .   a - +2 dagger (venom)
rCold    . . .     Gourm    .   (no shield)
rNeg     . . .     Faith    .   (helmet restricted)
rPois    .         Spirit   .   (no amulet)
rElec    .         Reflect  .   (no ring)
rCorr    .         Harm     .   (no ring)
MR       .....                  (no ring)
Stlth    +++.......             (no ring)
HPRegen  0.12/turn              (no ring)
MPRegen  0.12/turn              (no ring)
                                (no ring)
                                (no ring)

@: lethally poisoned (-6 -> -8)
A: almost no armour, stealthy swim, amphibious, 8 rings, constrict 8, camouflage
1, gelatinous body 1
a: no special abilities


You were on level 4 of the Dungeon.
You were hungry.

You visited 2 branches of the dungeon, and saw 5 of its levels.

You collected 297 gold pieces.

Inventory:

Hand Weapons
 a - a +2 dagger of venom (weapon)
 b - a +0 hunting sling
 c - a +1 dagger of electrocution
Missiles
 o - 19 sling bullets
Wands
 m - a wand of scattershot (4)
Scrolls
 f - 2 scrolls of random uselessness {unknown}
 h - 2 scrolls of identify {unknown}
 i - a scroll of magic mapping {unknown}
 n - a scroll of teleportation {unknown}
 A - 4 scrolls of remove curse {unknown}
Potions
 d - 2 potions of curing {unknown}
 e - 2 potions of agility {unknown}
 j - a potion of brilliance {unknown}
 k - a potion of degeneration {unknown}
 l - a potion of resistance {unknown}
 p - a potion of ambrosia {unknown}
Comestibles
 g - 10 rations


   Skills:
 * Level 1.8 Fighting
 + Level 2.9 Dodging
 + Level 4.0 Stealth
 * Level 3.4 Spellcasting
 * Level 3.2 Conjurations
 + Level 3.7 Fire Magic


You had 5 spell levels left.
You knew the following spells:

 Your Spells              Type           Power        Failure   Level  Hunger
a - Flame Tongue          Conj/Fire      ###..        3%          1    None
b - Throw Flame           Conj/Fire      ###...       5%          2    ##.....
c - Conjure Flame         Conj/Fire      ###.....     11%         3    ###....

Your spell library contained the following spells:

 Spells                   Type           Power        Failure   Level  Hunger
 Inner Flame              Hex/Fire       ##......     21%         3    ###....
 Sticky Flame             Conj/Fire      ###.....     34%         4    ####...
 Fireball                 Conj/Fire      ###.......   67%         5    ######.


Dungeon Overview and Level Annotations

Branches:
Dungeon (4/15)             Temple (1/1) D:4

Altars:
Dithmenos
Elyvilon
Fedhas
Gozag
Hepliaklqana
Nemelex Xobeh
Trog
Wu Jian
Xom
Yredelemnul
Zin
The Shining One

Annotations:
D:3 exclusion: downstairs
D:4 1 transporter, exclusions: orc, upstairs and 1 more exclusion


Innate Abilities, Weirdness & Mutations

You cannot wear most types of armour.
You are very stealthy in the water. (Stealth+)
You are amphibious.
You can wear up to eight rings at the same time.
You can use your tentacles to constrict eight enemies at once.
Your skin changes colour to match your surroundings (Stealth+).
Your rubbery body absorbs attacks. (AC +1, EV +1)


Message History

Press: ? - help, Shift-Dir - straight line, f/p - killer bee
Aim: a killer bee (moderately wounded)
The flame tongue hits the killer bee!
You kill the killer bee!
Your Stealth skill increases to level 4!
You feel sick. The necrophage hits you!
* * * LOW HITPOINT WARNING * * *
The orc hits you but does no damage.
You feel sick.
You feel sick. The necrophage barely misses you.
You see here a scale mail.
The necrophage hits you.
* * * LOW HITPOINT WARNING * * *
You feel your flesh rotting away!
You see here a robe.
You see here 10 gold pieces.
* * * LOW HITPOINT WARNING * * *
You feel sick. The necrophage hits you!
You die...

#........#
#...$..).########
#..........Z....#
#........######.##
##................#
......#########...#
.....##...©...##..#
.....#8....=..8#..##
.....#$).@.....#...#
#.....#....#.?on.....#...#
#.....#...©#_$....©..#©..#
#.....##...#.[.......#..##
#.....##...#$[.......#Z##
#.....###..#8.......8#.#
#.....# #..##.......##.#
##.....###...#########..#
..........#............##


You could see a necrophage, an orc and a quokka skeleton.

Vanquished Creatures
  A killer bee (D:4)
  2 jellies (D:3)
  A hound (D:4)
  Terence (D:2)
  A worker ant (D:4)
  A gnoll (D:1)
  5 adders
  An ooze (D:2)
  A worm (D:2)
  A dart slug (D:3)
  2 leopard geckos (D:1)
  2 giant cockroaches
  11 goblins
  11 hobgoblins
  An iguana (D:3)
  2 jackals (D:1)
  3 ball pythons
  6 bats
  A frilled lizard (D:1)
  A jackal zombie (D:3)
  8 kobolds
  15 rats
78 creatures vanquished.

Notes
Turn   | Place    | Note
-------+----------+-------------------------------------------
     0 | D:1      | Lucibear the Octopode Fire Elementalist began the quest for
                  | the Orb.
     0 | D:1      | Reached XP level 1. HP: 11/11 MP: 3/3
   624 | D:1      | Reached XP level 2. HP: 10/17 MP: 0/5
   765 | D:1      | Reached skill level 3 in Stealth
   830 | D:1      | Reached XP level 3. HP: 21/21 MP: 2/6
  1361 | D:2      | Noticed Terence
  1386 | D:2      | Killed Terence
  1386 | D:2      | Reached XP level 4. HP: 27/27 MP: 1/8
  1516 | D:2      | Found a basalt altar of Yredelemnul.
  1602 | D:3      | Found a shimmering altar of Xom.
  2051 | D:2      | Reached XP level 5. HP: 30/32 MP: 9/9
  2156 | D:2      | Learned a level 2 spell: Throw Flame
  2160 | D:2      | Learned a level 3 spell: Conjure Flame
  2307 | D:3      | Reached skill level 1 in Fighting
  2921 | D:4      | Reached XP level 6. HP: 33/38 MP: 8/10
  2926 | D:4      | Found a staircase to the Ecumenical Temple.
  2935 | Temple   | Entered the Ecumenical Temple
  3222 | D:4      | Found a white marble altar of Elyvilon.
  3224 | D:4      | Noticed a necrophage
  3230 | D:4      | Found a transporter.
  3239 | D:4      | Found a transporter.
  3276 | D:4      | Reached skill level 4 in Stealth
  3282 | D:4      | HP: 3/38 [necrophage (3)]
  3285 | D:4      | Mangled by a necrophage

Levels and vault maps discovered:
D:1:      dpeg_arrival_brainrot, layout_basic
D:2:      layout_loops_ring, lemuel_round_altar, serial_rivers,
          chequers_serial_rivers_micro_d, chequers_serial_rivers_room_a,
          chequers_serial_rivers_micro_c, chequers_serial_rivers_micro_a,
          chequers_serial_rivers_large_b, chequers_serial_rivers_micro_a,
          minmay_indecisive_spiral, uniq_terence
D:3:      layout_basic, nicolae_overflow_hidden_temple, first_ration,
          dk_xom_monty_hall
D:4:      layout_basic, gammafunk_temple_overflow_arena,
          minmay_temple_entry_mist, serial_shops, shop
Temple:   compressed_dpeg_circular_temple

Skill      XL: |  1  2  3  4  5  6 |
---------------+-------------------+-----
Stealth        | 3 4 |  4.0
Conjurations   | 2 3 |  3.2
Spellcasting   | 3 |  3.4
Fighting       | 1 |  1.8
Dodging        | |  2.9
Fire Magic     | |  3.7

Action                   |  1- 3 |  4- 6 || total
-------------------------+-------+-------++-------
Melee: Dagger            |    20 |    74 ||    94
       Constrict         |     6 |    16 ||    22
       Tentacles         |     1 |     8 ||     9
 Cast: Flame Tongue      |    34 |    20 ||    54
       Conjure Flame     |       |     2 ||     2
       Throw Flame       |       |     5 ||     5
 Stab: Sleeping          |     2 |    13 ||    15
  Eat: Chunk             |     2 |     5 ||     7
Armor: Skin              |     1 |     4 ||     5
Dodge: Dodged            |    16 |    41 ||    57

Table legend:
 A = Non-vault XP
 B = Vault XP
 C = Vault XP percentage of total XP
 D = Non-vault monster count
 E = Vault monster count
 F = Vault count percentage of total count
                 A         B        C        D         E       F
            +---------+---------+-------+---------+---------+-------
      Total |     261 |     193 |  42.5 |      69 |       9 |  11.5
            +---------+---------+-------+---------+---------+-------
        D:1 |      57 |       0 |   0.0 |      27 |       0 |   0.0
        D:2 |      55 |      43 |  43.9 |      23 |       5 |  17.9
        D:3 |      61 |      87 |  58.8 |      15 |       3 |  16.7
        D:4 |      88 |      63 |  41.7 |       4 |       1 |  20.0
            +---------+---------+-------+---------+---------+-------
